 Dungeon Crawl Stone Soup version 0.23.1 (webtiles) character file.

Game seed: 4665132403107777998

50 Kairos the Shield-Bearer (level 3, -4/20 HPs)
             Began as a Vine Stalker Fighter on Mar 10, 2019.
             Slain by a gnoll
             ... wielding a +0 whip
              (5 damage)
             ... on level 1 of the Dungeon.
             The game lasted 00:01:27 (1355 turns).

Kairos the Shield-Bearer (Vine Stalker Fighter)     Turns: 1355, Time: 00:01:28

Health: -4/20      AC:  5    Str: 18    XL:     3   Next: 79%
Magic:  0/4        EV:  8    Int:  8    God:
Gold:   71         SH:  9    Dex: 14    Spells: 2/2 levels left

rFire    + . .     SeeInvis .   a - +0 rapier
rCold    . . .     Gourm    .   c - +0 shield
rNeg     . . .     Faith    .   j - +1 leather armour {rF+}
rPois    .         Spirit   +   e - +0 helmet
rElec    .         Reflect  .   (no cloak)
rCorr    .         Harm     .   (no gloves)
MR       .....                  (no boots)
Stlth    +.........             (no amulet)
HPRegen  0.06/turn              (no ring)
MPRegen  0.09/turn              (no ring)

@: no status effects
A: fangs 2, magic shield, antimagic bite, no potion heal 3, rot immunity
a: no special abilities


You were on level 1 of the Dungeon.
You were very hungry.

You visited 1 branch of the dungeon, and saw 2 of its levels.

You collected 71 gold pieces.

Inventory:

Hand Weapons
 a - a +0 rapier (weapon)
Armour
 b - a +0 scale mail
 c - a +0 shield (worn)
 e - a +0 helmet (worn)
 j - a +1 leather armour of fire resistance (worn)
Scrolls
 h - 2 scrolls of remove curse {unknown}
 k - a scroll of enchant weapon {unknown}
 m - a scroll of fog {unknown}
 n - 2 scrolls of fear {unknown}
 p - a scroll of magic mapping {unknown}
 q - a scroll of amnesia {unknown}
 r - a scroll of teleportation {unknown}
Potions
 d - 2 potions of might
 g - 4 potions of flight
 i - a potion of haste
 l - a potion of heal wounds {unknown}
 o - a potion of resistance {unknown}
Comestibles
 f - 2 rations


   Skills:
 + Level 3.0 Fighting
 + Level 2.1 Short Blades
 + Level 2.9 Armour
 + Level 0.2 Dodging
 + Level 0.1 Stealth
 + Level 3.2 Shields


You had 2 spell levels left.
You didn't know any spells.
Your spell library was empty.

Dungeon Overview and Level Annotations

Branches:
Dungeon (2/15)

Altars:


Innate Abilities, Weirdness & Mutations

You have extremely sharp teeth.
When hurt, damage is shared between your health and your magic reserves.
Your bite disrupts and absorbs the magic of your enemies.
Potions cannot restore your health.
You are immune to rotting.


Message History

You block the gnoll's attack.
You hit the gnoll. You bite the gnoll. You drain its power.
You feel invigorated.
The gnoll is almost dead.
The gnoll hits you with a +0 flail.
* * * LOW HITPOINT WARNING * * *
The gnoll hits you with a +0 whip.
* * * LOW HITPOINT WARNING * * *
You puncture the gnoll!
You kill the gnoll!
Your Fighting skill increases to level 3!
You block the gnoll's attack.
Things that are here:
a +0 flail; 12 gold pieces; a gnoll corpse You closely miss the gnoll.
You bite the gnoll, but do no damage. You block the gnoll's attack.
You hit the gnoll.
The gnoll is lightly wounded.
The gnoll hits you with a +0 whip.
You die...

#..♣..P...PP♣..#.#.#..#.######.
#..♣PP.<.P..♣..#.#.#..#.#......
#..♣P...PP..♣..#.#.#..#.#.####.
##.♣...P..PP♣..#.#....#.#......
#.♣..PP..PP♣..#.####.#.####.#.
#..♣♣♣♣♣♣♣♣♣..#.# #.#........
#.............#.# #.#########
#############.#.# #..........
####### #@#.# ############
###.....########g#.#
#.........#.
.................#.#
#.#######.#.
.................#.# #.# #.#.
.................#.###.# #.##
....)............#.....# #.#
.....###.........#############.#
################.............#.#
...............#############.#.#


You could see a gnoll.

Vanquished Creatures
  An adder (D:2)
  A gnoll (D:1)
  A dart slug (D:1)
  2 leopard geckos (D:1)
  2 ball pythons (D:1)
  5 bats
  A giant cockroach (D:2)
  3 goblins (D:1)
  4 hobgoblins
  A frilled lizard (D:1)
  3 kobolds (D:1)
  2 rats
26 creatures vanquished.

Notes
Turn   | Place    | Note
-------+----------+-------------------------------------------
     0 | D:1      | Kairos the Vine Stalker Fighter began the quest for the
                  | Orb.
     0 | D:1      | Reached XP level 1. HP: 11/11 MP: 2/2
    90 | D:1      | Reached XP level 2. HP: 15/16 MP: 3/3
   472 | D:1      | Reached XP level 3. HP: 19/19 MP: 4/4
  1355 | D:1      | Slain by a gnoll

Skill      XL: |  1  2  3 |
---------------+----------+-----
Shields        | 3 |  3.2
Short Blades   | 2 |  2.1
Fighting       | 3 |  3.0
Armour         | |  2.9
Dodging        | |  0.2
Stealth        | |  0.1

Action                   || total
-------------------------++-------
Melee: Rapier            ||    82
       Bite              ||    17
  Use: Scroll            ||     2
 Stab: Sleeping          ||     2
Armor: Scale mail        ||    23
       Leather armour    ||    14
Dodge: Dodged            ||    29
Block: Shield            ||    42
